 Dungeon Crawl Stone Soup version 0.22-a0-402-ga933591 (webtiles) character file.

3950 Kairos the Magician (level 10, 0/77 HPs)
             Began as a Gnoll Skald on May 6, 2018.
             Was a Believer of Cheibriados.
             Slain by an orc warrior
             ... wielding a +0 short sword
              (8 damage)
             ... on level 8 of the Dungeon.
             The game lasted 00:22:58 (8124 turns).

Kairos the Magician (Gnoll Skald)                   Turns: 8124, Time: 00:22:58

Health: 0/77       AC: 12    Str: 21    XL:     10   Next: 21%
Magic:  17/20      EV: 16    Int: 21    God:    Cheibriados [**....]
Gold:   168        SH:  0    Dex: 24    Spells: 16/23 levels left

rFire    . . .     SeeInvis +   S - +0 falchion of the Imperium {slice, Str+2 SInv}
rCold    + . .     Gourm    .   (no shield)
rNeg     . . .     Faith    .   r - +2 scale mail {rC+}
rPois    .         Spirit   .   v - +0 helmet
rElec    .         Reflect  .   (no cloak)
rCorr    .         Harm     .   (no gloves)
MR       .....                  p - +0 pair of boots
Stlth    ++........             (no amulet)
HPRegen  0.22/turn              M - ring of flight
MPRegen  0.17/turn              O - +5 ring of dexterity

@: very slow
A: distributed training, fangs 1, strong nose
a: Bend Time, Renounce Religion, Evoke Flight


You were on level 8 of the Dungeon.
You worshipped Cheibriados.
Cheibriados was pleased with you.
You were hungry.

You visited 2 branches of the dungeon, and saw 10 of its levels.

You collected 384 gold pieces.
You spent 216 gold pieces at shops.

Inventory:

Hand Weapons
 a - a +0 hand axe
 b - a cursed -3 flail
 h - a +1 mace of draining
 A - a +1 antimagic halberd
 C - a +0 fustibalus
 G - a +0 whip of freezing
 S - the +0 falchion of the Imperium (weapon) {slice, Str+2 SInv}
   (You bought it in a shop on level 8 of the Dungeon)

   It inflicts extra damage upon your enemies.
   It affects your strength (+2).
   It lets you see invisible.
Missiles
 z - 8 tomahawks (quivered)
 F - 170 stones
 L - 27 sling bullets
Armour
 p - a +0 pair of boots (worn)
 r - a +2 scale mail of cold resistance (worn)
 v - a +0 helmet (worn)
Magical Staves
 Q - an uncursed staff of power
Jewellery
 M - a ring of flight (left hand)
 O - a +5 ring of dexterity (right hand)
Wands
 y - a wand of flame (39)
 H - a wand of digging (12)
 K - a wand of polymorph (24)
 P - a wand of scattershot (7)
Scrolls
 g - 3 scrolls of identify
 j - 4 scrolls of fog
 l - a scroll of enchant armour {unknown}
 m - 3 scrolls of immolation
 n - 5 scrolls of teleportation
 o - 3 scrolls of random uselessness
 u - 3 scrolls of blinking
 w - a scroll of enchant weapon {unknown}
 x - 2 scrolls of remove curse
 D - 2 scrolls of vulnerability
 E - a scroll of magic mapping {unknown}
 I - a scroll of noise {unknown}
Potions
 c - 4 potions of haste {unknown}
 e - a potion of resistance {unknown}
 f - a potion of invisibility {unknown}
 i - a potion of mutation {unknown}
 k - a potion of agility {unknown}
 q - a potion of magic {unknown}
 s - 2 potions of curing {unknown}
 t - a potion of might {unknown}
 J - a potion of heal wounds
 N - 2 potions of lignification {unknown}
Miscellaneous
 B - a phantom mirror
Comestibles
 d - 10 rations


   Skills:
 + Level 6.8 Fighting
 + Level 5.0 Short Blades
 + Level 5.0 Long Blades
 + Level 6.8 Axes
 + Level 5.0 Maces & Flails
 + Level 5.0 Polearms
 + Level 5.0 Staves
 + Level 5.0 Slings
 + Level 5.0 Bows
 + Level 5.0 Crossbows
 + Level 5.0 Throwing
 + Level 5.6 Armour
 + Level 6.8 Dodging
 + Level 5.0 Stealth
 + Level 5.0 Shields
 + Level 5.0 Unarmed Combat
 + Level 7.1 Spellcasting
 + Level 4.1 Conjurations
 + Level 4.1 Hexes
 + Level 6.9 Charms
 + Level 4.1 Summonings
 + Level 4.1 Necromancy
 + Level 4.1 Translocations
 + Level 4.1 Transmutations
 + Level 4.1 Fire Magic
 + Level 4.1 Ice Magic
 + Level 4.1 Air Magic
 + Level 4.1 Earth Magic
 + Level 4.1 Poison Magic
 + Level 5.4 Invocations
 + Level 5.0 Evocations


You had 16 spell levels left.
You knew the following spells:

 Your Spells              Type           Power        Failure   Level  Hunger
a - Infusion              Chrm           ####         1%          1    None
b - Regeneration          Chrm/Necr      ####......   7%          3    None
c - Spectral Weapon       Hex/Chrm       ####....     7%          3    None


Dungeon Overview and Level Annotations

Branches:
Dungeon (9/15)             Temple (1/1) D:5             Orc (0/2) D:9
   Lair: D:8-11

Altars:
Ashenzari
Cheibriados
Dithmenos
Elyvilon
Fedhas
Gozag
Hepliaklqana
Kikubaaqudgha
Makhleb
Nemelex Xobeh
Okawaru
Qazlal
Ru
Sif Muna
Trog
Uskayaw
Vehumet
Wu Jian
Xom
Yredelemnul
Zin
The Shining One
Beogh

Shops:
D:4 [   D:8 (


Innate Abilities, Weirdness & Mutations

Your experience applies equally to all skills.
You have very sharp teeth.
Your uncanny sense of smell can sniff out nearby items.


Message History

You bite the orc warrior, but do no damage.
The orc warrior is heavily wounded.
The orc warrior hits you with a short sword!
You hit the orc warrior. Your bite misses the orc warrior.
The orc warrior is severely wounded.
The orc warrior hits you with a short sword!
* * * LOW HITPOINT WARNING * * *
You barely miss the orc warrior.
The orc warrior is severely wounded.
The orc warrior hits you with a short sword!
* * * LOW HITPOINT WARNING * * *
Unknown command.
The flow of time bends around you.
The orc warrior resists with some effort.
You feel slightly more hungry.
The orc warrior hits you but does no damage.
You hit the orc warrior. Your bite misses the orc warrior.
The orc warrior is almost dead.
The orc warrior hits you with a short sword!
You die...

##### ## #...# ################
.# #...# #...........<..#######
.# #...# #................#....
.## #...# #..............#.#.###
..# #...# #..............#.#.#
..# #...# #..............#.#.###
..####...#######'####....##.#.#..
................@o..........#.#..
..####...#.#####.####.##....#.#..
..#...(....# #..............#..
..#.###.#############.........#..
..#.# #.#...........#.........#.#
..#.# #.'...........#.#####...#.#
..#.# ###...........#.........#†.
..#.# #...#####...######+##.#†.
#...#####...#...#...........#.#..


You could see an orc warrior.

Vanquished Creatures
  Pikel (D:6)
  A hippogriff (D:7)
  Sigmund (D:2)
  A yak (D:7)
  A human (D:7)
  3 hogs (D:7)
  A water moccasin (D:9)
  An orc warrior (D:5)
  An eye of draining (D:7)
  An ice beast (D:8)
  3 phantoms
  A black bear (D:8)
  A sky beast (D:8)
  3 slaves (D:6)
  A necrophage (D:5)
  2 ogres (D:5)
  2 bullfrogs
  A scorpion (D:5)
  A centaur zombie (D:8)
  A bullfrog zombie (D:8)
  3 crimson imps
  Crazy Yiuf (D:3)
  A jelly (D:5)
  4 hounds
  4 orc wizards
  2 orc priests
  A bullfrog skeleton (D:3)
  Jessica (D:3)
  A gnoll shaman (D:7)
  An iguana (D:8)
  6 worker ants
  Terence (D:2)
  A hound skeleton (D:5)
  Robin (D:3)
  19 gnolls
  9 adders
  A shadow imp (D:8)
  3 oozes
  An adder skeleton (D:7)
  2 worms
  6 dart slugs
  8 leopard geckos
  18 orcs
  5 giant cockroaches
  15 goblins
  12 hobgoblins
  9 jackals
  13 kobolds
  A quokka (D:9)
  A ball python (D:2)
  A ball python skeleton (D:4)
  3 bats
  4 frilled lizards
  A giant cockroach zombie (D:5)
  A leopard gecko skeleton (D:4)
  A quokka zombie (D:7)
  9 rats
199 creatures vanquished.

Vanquished Creatures (others)
  A leopard gecko (D:7)
1 creature vanquished.

Grand Total: 200 creatures vanquished

Notes
Turn   | Place    | Note
-------+----------+-------------------------------------------
     0 | D:1      | Kairos the Gnoll Skald began the quest for the Orb.
     0 | D:1      | Reached XP level 1. HP: 20/20 MP: 6/6
    98 | D:1      | Reached XP level 2. HP: 26/26 MP: 7/7
   554 | D:1      | Reached XP level 3. HP: 27/31 MP: 9/9
   676 | D:2      | Reached skill level 5 in Spellcasting
   737 | D:2      | Found a shimmering altar of Xom.
   752 | D:2      | Found a burning altar of Makhleb.
   757 | D:2      | Reached skill level 1 in Invocations
   786 | D:2      | Found an ancient bone altar of Kikubaaqudgha.
   817 | D:2      | Found a basalt altar of Yredelemnul.
   831 | D:2      | Noticed Terence
   841 | D:2      | Killed Terence
   841 | D:2      | Reached skill level 1 in Short Blades
   841 | D:2      | Reached skill level 1 in Long Blades
   841 | D:2      | Reached skill level 1 in Maces & Flails
   841 | D:2      | Reached skill level 1 in Polearms
   841 | D:2      | Reached skill level 1 in Staves
   841 | D:2      | Reached skill level 1 in Slings
   841 | D:2      | Reached skill level 1 in Bows
   841 | D:2      | Reached skill level 1 in Crossbows
   841 | D:2      | Reached skill level 1 in Throwing
   841 | D:2      | Reached skill level 1 in Stealth
   841 | D:2      | Reached skill level 1 in Shields
   841 | D:2      | Reached skill level 1 in Unarmed Combat
   841 | D:2      | Reached skill level 1 in Evocations
   841 | D:2      | Reached XP level 4. HP: 31/38 MP: 11/11
   930 | D:2      | Noticed Sigmund
   942 | D:2      | Killed Sigmund
   942 | D:2      | Reached skill level 1 in Conjurations
   942 | D:2      | Reached skill level 1 in Hexes
   942 | D:2      | Reached skill level 1 in Summonings
   942 | D:2      | Reached skill level 1 in Necromancy
   942 | D:2      | Reached skill level 1 in Translocations
   942 | D:2      | Reached skill level 1 in Transmutations
   942 | D:2      | Reached skill level 1 in Fire Magic
   942 | D:2      | Reached skill level 1 in Ice Magic
   942 | D:2      | Reached skill level 1 in Air Magic
   942 | D:2      | Reached skill level 1 in Earth Magic
   942 | D:2      | Reached skill level 1 in Poison Magic
   942 | D:2      | Reached XP level 5. HP: 31/43 MP: 12/12
   942 | D:2      | Reached XP level 6. HP: 36/50 MP: 13/13
  1488 | D:3      | Reached skill level 5 in Fighting
  1488 | D:3      | Reached skill level 5 in Axes
  1488 | D:3      | Reached skill level 5 in Dodging
  1725 | D:3      | Noticed Robin
  1740 | D:3      | Killed Robin
  1767 | D:3      | Noticed Jessica
  1771 | D:3      | Killed Jessica
  1909 | D:3      | Reached XP level 7. HP: 55/56 MP: 15/15
  1933 | D:3      | Found a shadowy altar of Dithmenos.
  2102 | D:3      | Found a deep blue altar of Sif Muna.
  2139 | D:3      | Found a runed door.
  2494 | D:3      | Noticed Crazy Yiuf
  2503 | D:3      | Killed Crazy Yiuf
  2801 | D:4      | Found Iryush's Armour Boutique.
  3602 | D:5      | Entered Level 5 of the Dungeon
  3940 | D:5      | Reached XP level 8. HP: 41/63 MP: 16/16
  4326 | D:5      | Found a staircase to the Ecumenical Temple.
  4335 | D:5      | Reached skill level 6 in Spellcasting
  4361 | Temple   | Entered the Ecumenical Temple
  4485 | Temple   | Became a worshipper of Cheibriados the Contemplative
  4966 | Temple   | Learned a level 3 spell: Regeneration
  4970 | Temple   | Learned a level 3 spell: Spectral Weapon
  5737 | D:6      | Noticed Pikel
  5754 | D:6      | Killed Pikel
  5754 | D:6      | Reached XP level 9. HP: 58/69 MP: 18/18
  6423 | D:7      | Reached skill level 5 in Armour
  6456 | D:7      | Reached * piety under Cheibriados
  6458 | D:7      | Reached skill level 5 in Invocations
  7268 | D:8      | Found Eluny's Antique Weapon Shop.
  7336 | D:8      | Found an iron altar of Okawaru.
  7466 | D:8      | Reached XP level 10. HP: 76/77 MP: 20/20
  7472 | D:8      | Reached skill level 7 in Spellcasting
  7697 | D:8      | Reached ** piety under Cheibriados
  8024 | D:8      | Bought an iridescent falchion for 216 gold pieces
  8024 | D:8      | Identified the cursed +0 falchion of the Imperium {slice, Str+2 SInv} (You bought it in a shop on level 8 of the Dungeon)
  8040 | D:9      | Found a roughly hewn altar of Beogh.
  8040 | D:9      | Found a staircase to the Orcish Mines.
  8107 | D:9      | Reached skill level 5 in Short Blades
  8107 | D:9      | Reached skill level 5 in Long Blades
  8107 | D:9      | Reached skill level 5 in Maces & Flails
  8107 | D:9      | Reached skill level 5 in Polearms
  8107 | D:9      | Reached skill level 5 in Staves
  8107 | D:9      | Reached skill level 5 in Slings
  8107 | D:9      | Reached skill level 5 in Bows
  8107 | D:9      | Reached skill level 5 in Crossbows
  8107 | D:9      | Reached skill level 5 in Throwing
  8107 | D:9      | Reached skill level 5 in Stealth
  8107 | D:9      | Reached skill level 5 in Shields
  8107 | D:9      | Reached skill level 5 in Unarmed Combat
  8107 | D:9      | Reached skill level 5 in Evocations
  8124 | D:8      | Slain by an orc warrior

Vault maps used:
D:1:      tarquinn_simple_flora_water_b
D:2:      nicolae_overflow_quartered_altars, minmay_tromino_v7, uniq_terence,
          uniq_sigmund
D:3:      nicolae_overflow_hidden_temple, nicolae_overflow_crystal_walls,
          first_ration, uniq_jessica, uniq_robin, uniq_crazy_yiuf_cottage
D:4:      serial_shops, shop, eino_small_chamber_without_monster
D:5:      minmay_temple_entry_large_hall, serial_glass, glass_columns_b,
          glass_columns_b
D:6:      uniq_pikel
D:7:      grunt_livestock, lemuel_flamethrower_2
D:8:      kennysheep_blocky_room, serial_shops, kennysheep_mini_moat,
          kennysheep_okawaru_gauntlet
D:9:      david_orc_5
Temple:   nicolae_temple_elliptical

Skill      XL: |  1  2  3  4  5  6  7  8  9 10 |
---------------+-------------------------------+-----
Spellcasting   | 5 6 7 |  7.1
Invocations    | 1 2 3 4 5 |  5.4
Short Blades   | 1 2 3 4 5 |  5.0
Long Blades    | 1 2 3 4 5 |  5.0
Maces & Flails | 1 2 3 4 5 |  5.0
Polearms       | 1 2 3 4 5 |  5.0
Staves         | 1 2 3 4 5 |  5.0
Slings         | 1 2 3 4 5 |  5.0
Bows           | 1 2 3 4 5 |  5.0
Crossbows      | 1 2 3 4 5 |  5.0
Throwing       | 1 2 3 4 5 |  5.0
Stealth        | 1 2 3 4 5 |  5.0
Shields        | 1 2 3 4 5 |  5.0
Unarmed Combat | 1 2 3 4 5 |  5.0
Evocations     | 1 2 3 4 5 |  5.0
Armour         | 3 4 5 |  5.6
Conjurations   | 1 2 3 4 |  4.1
Hexes          | 1 2 3 4 |  4.1
Summonings     | 1 2 3 4 |  4.1
Necromancy     | 1 2 3 4 |  4.1
Translocations | 1 2 3 4 |  4.1
Transmutations | 1 2 3 4 |  4.1
Fire Magic     | 1 2 3 4 |  4.1
Ice Magic      | 1 2 3 4 |  4.1
Air Magic      | 1 2 3 4 |  4.1
Earth Magic    | 1 2 3 4 |  4.1
Poison Magic   | 1 2 3 4 |  4.1
Fighting       | 5 6 |  6.8
Axes           | 5 6 |  6.8
Dodging        | 5 6 |  6.8
Charms         | 6 |  6.9

Action                   |  1- 3 |  4- 6 |  7- 9 | 10-12 || total
-------------------------+-------+-------+-------+-------++-------
Melee: Hand axe          |     8 |       |       |       ||     8
       Bite              |    10 |    10 |    66 |    13 ||    99
       Mace              |    66 |   150 |   338 |    61 ||   615
       Punch             |       |     2 |     5 |     5 ||    12
       Quarterstaff      |       |       |   111 |       ||   111
       Halberd           |       |       |     4 |       ||     4
       Falchion          |       |       |       |    25 ||    25
 Cast: Regeneration      |       |       |     3 |       ||     3
       Infusion          |       |       |     1 |       ||     1
       Spectral Weapon   |       |       |     1 |       ||     1
Invok: Bend Time         |       |       |       |     1 ||     1
Evoke: Wand              |       |       |     2 |       ||     2
  Use: Scroll            |       |       |     2 |     6 ||     8
 Stab: Petrifying        |       |       |     2 |       ||     2
       Sleeping          |       |       |     1 |     1 ||     2
  Eat: Chunk             |       |     3 |     8 |     1 ||    12
       Ration            |       |       |     3 |       ||     3
Armor: Leather armour    |     8 |       |       |       ||     8
       Ring mail         |    12 |       |       |       ||    12
       Scale mail        |       |    53 |   213 |    30 ||   296
Dodge: Dodged            |    59 |   115 |   296 |    90 ||   560
       Rpst.: Falchion   |       |       |       |     6 ||     6

Table legend:
 A = Spawn XP
 B = Non-spawn XP
 C = Spawn XP percentage of total XP
 D = Spawn monster count
 E = Non-spawn monster count
 F = Spawn count percentage of total count
 G = Total turns spent on level
                    A         B        C        D         E        F      G
               +---------+---------+-------+---------+---------+-------+---------
         Total |       0 |    5644 |   0.0 |       0 |     196 |   0.0 |  8124
               +---------+---------+-------+---------+---------+-------+---------
           D:1 |       0 |      34 |   0.0 |       0 |      16 |   0.0 |   673
           D:2 |       0 |     321 |   0.0 |       0 |      27 |   0.0 |   746
           D:3 |       0 |     353 |   0.0 |       0 |      54 |   0.0 |  1250
           D:4 |       0 |     226 |   0.0 |       0 |      20 |   0.0 |   933
           D:5 |       0 |     901 |   0.0 |       0 |      25 |   0.0 |  1148
           D:6 |       0 |     734 |   0.0 |       0 |       2 |   0.0 |   718
           D:7 |       0 |    1876 |   0.0 |       0 |      25 |   0.0 |  1088
           D:8 |       0 |     984 |   0.0 |       0 |      22 |   0.0 |   885
           D:9 |       0 |     215 |   0.0 |       0 |       5 |   0.0 |    44
               +---------+---------+-------+---------+---------+-------+---------
